 Dungeon Crawl Stone Soup version 0.18.1-48-g4cf74bf (webtiles) character file.

88 Gadfly the Caller (level 4, -4/24 HPs)
             Began as a Tengu Summoner on July 5, 2016.
             Was an Initiate of Ru.
             Slain by Grinder (7 damage)
             ... while paralysed by Grinder
             ... on level 3 of the Dungeon.
             The game lasted 00:07:50 (4355 turns).

Gadfly the Caller (Tengu Summoner)                  Turns: 4355, Time: 00:07:51

Health: -4/24      AC:  3    Str:  6 (8)  XL:     4   Next: 54%
Magic:  10/17      EV:  2    Int: 14 (16) God:    Ru [......]
Gold:   139        SH:  0    Dex: 14 (15) Spells: 2 memorised, 3 levels left

rFire  . . .     SeeInvis .     r - +0 spear
rCold  . . .     Gourm    .     a - +0 robe
rNeg   . . .     Faith    .     (no shield)
rPois  .         Spirit   .     (helmet restricted)
rElec  .         Dismiss  .     (no cloak)
rCorr  .         Reflect  .     d - +0 pair of gloves
SustAt .         Harm     .     (boots unavailable)
MR     .....                    (no amulet)
Stlth  ..........               (no ring)
                                m - ring of magical power

@: paralysed, very slightly contaminated, not resistant to hostile enchantments,
extremely unstealthy
A: beak, talons 3, no stealth
a: Renounce Religion


You were on level 3 of the Dungeon.
You worshipped Ru.
Ru was noncommittal.
You were not hungry.

You visited 1 branch of the dungeon, and saw 3 of its levels.

You collected 139 gold pieces.

Inventory:

Hand Weapons
 p - a +1 dagger of draining
 r - a +0 spear (weapon)
Armour
 a - a +0 robe (worn)
 d - a +0 pair of gloves (worn)
Jewellery
 m - a ring of magical power (left hand)
Scrolls
 e - a scroll of magic mapping {unknown}
 h - a scroll of teleportation {unknown}
 k - a scroll of recharging {unknown}
Potions
 f - a potion of invisibility
 g - a potion of curing {unknown}
 j - a potion of heal wounds {unknown}
 n - a potion of might {unknown}
 o - 3 potions of lignification {unknown}
Books
 b - a book of Callings

   Spells                             Type                      Level
   a - Summon Small Mammal            Summoning                    1
   b - Call Imp                       Summoning                    2
   c - Call Canine Familiar           Summoning                    3
   d - Summon Guardian Golem          Hexes/Summoning              3
   e - Summon Lightning Spire         Summoning/Air                4
   f - Summon Ice Beast               Ice/Summoning                4
Comestibles
 c - 2 bread rations
 i - a slice of pizza
 l - 2 chunks of flesh
 q - a beef jerky


   Skills:
 + Level 0.2 Fighting
 + Level 3.1 Dodging
 + Level 2.4 Spellcasting
 * Level 6.2 Summonings


You had 3 spell levels left.
You knew the following spells:

 Your Spells              Type           Power        Failure   Level  Hunger
a - Summon Small Mammal   Summ           ###.         1%          1    #......
b - Call Canine Familiar  Summ           ###.....     8%          3    ###....


Dungeon Overview and Level Annotations

Branches:
Dungeon (3/15)

Altars:
Pakellas
Ru

Annotations:
D:3 Grinder


Innate Abilities, Weirdness & Mutations

You have a beak for a mouth.
You have claws for feet.
You cannot be stealthy.


Message History

Your hound's corpse disappears in a puff of smoke!
The orc hits your rat with a flail!
Your rat dies!
Your rat's corpse disappears in a puff of smoke!
You hit Grinder but do no damage. Grinder hits you!
You writhe in agony.
An orc priest comes into view. It is wielding a mace.
Casting: Summon Small Mammal
Confirm with . or Enter, or press ? or * to list all spells.
You miscast Call Canine Familiar.
You are very lightly contaminated with residual magic.
Your head hurts.
The orc wizard casts a spell.
The orc wizard blinks!
The orc priest calls down the wrath of Beogh upon you.
Beogh smites you!
* * * LOW HITPOINT WARNING * * *
Grinder gestures at you.
You suddenly lose the ability to move!
Grinder hits you!
You die...

..............+
########...####
####..# #.....#
#.###.# #.# #.#
#.###.# ######
#....r##..o..#.
###.##@5o§.....
#.##.#o#.....
#.##o#.# ..$
#....... .
####....o
###>### .. ##


You could see Grinder, an orc priest, an orc wizard, 2 orcs and a friendly
quokka.

Vanquished Creatures
  2 adders (D:2)
  A worm (D:1)
  A giant gecko (D:2)
  2 orcs (D:3)
  3 giant cockroaches (D:1)
  6 goblins
  5 hobgoblins
  10 kobolds
  3 quokkas (D:2)
  8 bats
  3 giant newts
  5 rats
49 creatures vanquished.

Vanquished Creatures (collateral kills)
  An adder zombie (D:1)
  2 worms (D:2)
  2 orcs (D:3)
  A bat (D:2)
  4 goblins
  2 hobgoblins (D:1)
  3 kobolds
  A giant gecko zombie (D:1)
  A giant newt (D:1)
  2 rats (D:2)
19 creatures vanquished.

Grand Total: 68 creatures vanquished

Notes
Turn   | Place    | Note
--------------------------------------------------------------
     0 | D:1      | Gadfly the Tengu Summoner began the quest for the Orb.
     0 | D:1      | Reached XP level 1. HP: 10/10 MP: 4/4
    35 | D:1      | Reached skill level 5 in Summonings
   488 | D:1      | Reached XP level 2. HP: 8/15 MP: 4/6
  1580 | D:1      | Reached XP level 3. HP: 16/19 MP: 7/7
  1585 | D:1      | Learned a level 3 spell: Call Canine Familiar
  2398 | D:2      | Found an oddly glowing altar of Pakellas.
  3002 | D:2      | Reached skill level 6 in Summonings
  3002 | D:2      | Reached XP level 4. HP: 8/24 MP: 4/8
  3215 | D:2      | Found a faded altar to an unknown god.
  3223 | D:2      | Became a worshipper of Ru the Awakened
  3228 | D:2      | Gained mutation: You cannot be stealthy. [Ru sacrifice]
  4345 | D:3      | Noticed Grinder
  4354 | D:3      | Paralysed by Grinder for 3 turns
  4355 | D:3      | Slain by Grinder

Skill      XL: |  1  2  3  4 |
---------------+-------------+-----
Summonings     | 5 6 |  6.2
Stealth        | 0 |  0.0
Dodging        | 3 |  3.1
Fighting       | |  0.2
Spellcasting   | |  2.4

Action                   |  1- 3 |  4- 6 || total
-------------------------+-------+-------++-------
Melee: Unarmed           |    12 |       ||    12
       Peck              |    18 |     8 ||    26
       Kick              |    28 |    14 ||    42
       Club              |    95 |       ||    95
       Short sword       |    45 |    33 ||    78
       Spear             |       |    46 ||    46
 Cast: Summon Small Mamm |     9 |     2 ||    11
       Call Canine Famil |     6 |     6 ||    12
Invok: Sacrifice Stealth |       |     1 ||     1
  Use: Scroll            |     2 |     1 ||     3
       Potion            |     2 |       ||     2
 Stab: Sleeping          |     3 |     1 ||     4
  Eat: Chunk             |     7 |     6 ||    13
Armor: Robe              |    48 |    10 ||    58
Dodge: Dodged            |   116 |    54 ||   170
